 Dungeon Crawl Stone Soup version 0.32-a0-656-g3542139ebd (webtiles) character file.

Game seed: 9562227173453403136

94 ytrimaz the Insei (level 4, -3/34 HPs)
             Began as a Demigod Shapeshifter on Mar 8, 2024.
             Slain by Ijyb
             ... wielding a +6 dagger of distortion
              (5 damage)
             ... on level 3 of the Dungeon.
             The game lasted 00:02:24 (1797 turns).

ytrimaz the Insei (Demigod Shapeshifter)            Turns: 1797, Time: 00:02:25

Health: -3/34      AC:  7    Str: 15    XL:     4   Next: 16%
Magic:  6/6        EV: 20    Int: 12    God:
Gold:   80         SH:  0    Dex: 17    Spells: 3/3 levels left

rFire   + +          .
                       - Unarmed
rCold   + + .        (shield currently unavailable)
rNeg    + + +        i - melded +1 leather armour
rPois   ∞            j - melded +0 helmet
rElec   +            (cloak currently unavailable)
rCorr   +            e - melded +0 pair of gloves
SInv    .            (boots currently unavailable)
Will    .....        f - melded amulet of regeneration
Stlth   ++           (ring currently unavailable)
HPRegen 0.25/turn    (ring currently unavailable)
MPRegen 0.10/turn

%: no passive effects
@: wisp-form (expiring), flying
A: insubstantial, flying, no casting, tiny, high MP 1, forlorn, divine
attributes
a: no special abilities


You were on level 3 of the Dungeon.
You were an insubstantial wisp.
You visited 1 branch of the dungeon, and saw 3 of its levels.

You collected 80 gold pieces.


Innate Abilities, Weirdness & Mutations

You are an insubstantial wisp.
Your tiny insubstantial body is highly resistant to most damage types.
You are flying.
Your equipment is entirely melded.
You are incapable of wielding weapons or throwing items.
You cannot cast spells.
You have an increased reservoir of magic. (+10% MP)
You shall have no god before yourself.
Your divine heritage dramatically boosts your attributes as you level up.


   Skills:
 - Level 0.8 Fighting
 - Level 3.0 Dodging
 + Level 4.1 Unarmed Combat
 - Level 2.6 Shapeshifting


You had 3 spell levels left.
You didn't know any spells.
Your spell library was empty.

Inventory:

Armour
 a - a +0 animal skin
 e - a +0 pair of gloves (melded)
   (You found it on level 1 of the Dungeon)
 i - a +1 leather armour (melded)
   (You found it on level 1 of the Dungeon)
 j - a +0 helmet (melded)
   (You found it on level 1 of the Dungeon)
Jewellery
 f - an amulet of regeneration (melded)
   (You found it on level 1 of the Dungeon)
Talismans
 c - a beast talisman
 d - a flux talisman
Wands
 q - a wand of roots (8)
   (You found it on level 2 of the Dungeon)
Scrolls
 g - a scroll of enchant armour
Potions
 b - a potion of lignification
 l - a potion of brilliance {unknown}
 m - a potion of invisibility {unknown}
 o - 2 potions of curing {unknown}
 r - a potion of enlightenment

Dungeon Overview and Level Annotations

Branches:
Dungeon (3/15) Zot: 16210

Annotations:
D:3 Ijyb

..$. #.#.#.#.#
#......... #.#.#.#...
########.......##
###........#.#.#...
#......†.#.......# #.
###.#.###..#g.#..#...
#.#.
......#...v.K....#
...#
#<#..#...####.#.#
#..####........# ..
....##.#.†.!..# ...
#.#.##.######## ##.
#.#.##.# #......###
#.............
#........###..


You could see Ijyb and a kobold.


Message History

As you read the scroll labelled IMIESHRO BOLAN, it crumbles to dust.
The air around you briefly surges with heat, but it dissipates.
It was a scroll of immolation.
Your surroundings suddenly seem different.
As you read the scroll labelled IDDUIHUYWO, it crumbles to dust.
It is a scroll of identify.
r - a potion of enlightenment What are your orders? t - Shout!
Orders for allies: a - Attack new target. r - Retreat! s - Stop attacking. g - Guard the area. f - Follow me.
Anything else - Cancel.
Okay, then.
Blink to where?
Press: ? - help, Dir - move target, f - you Blink to where?
Press: ? - help, Dir - move target
As you read the scroll labelled KEUSAL WIXYE, it crumbles to dust.
It was a scroll of blinking.
You climb downwards.
There is a stone staircase leading up here.
Found an escape hatch in the floor.
Found an escape hatch in the ceiling.
No target in view!
A hobgoblin comes into view.
The helpless hobgoblin fails to defend itself.
You hit the hobgoblin. You hit the hobgoblin.
The hobgoblin hits you but does no damage.
Unknown command.
You barely miss the hobgoblin.
The hobgoblin hits you but does no damage.
You closely miss the hobgoblin. The hobgoblin hits you. 😕 HP[-1]
You take 1 damage, and now have 33/34 hp.
A hobgoblin is nearby!
A hobgoblin is nearby!
You closely miss the hobgoblin.
The hobgoblin barely misses you. 😎 HP[+1]
Your hp is fully restored (34).
A hobgoblin is nearby!
You hit the hobgoblin.
You kill the hobgoblin!
Unknown command.
No target in view!
A rat comes into view.
You see here a hobgoblin corpse.
Unknown command.
A rat is nearby!
A rat is nearby!
The rat squeaks loudly.
Ijyb the Inquisitive comes into view.
She is wielding a +6 dagger of distortion and carrying a wand of polymorph.
The rat bites you. 😕 HP[-2]
You take 2 damage, and now have 32/34 hp.
You hit the rat.
You kill the rat!
Ijyb zaps a wand.
You turn into an insubstantial wisp.
Your +0 helmet melds into your body.
Your +0 pair of gloves melds into your body.
Your +1 leather armour melds into your body.
Your amulet of regeneration melds into your body. 😕 HP[+1]
You see here a rat corpse.
Unknown command. 😎 HP[+1]
Your hp is fully restored (34).
Ijyb hits you but does no damage. Space warps around you. 😕 HP[-3]
You take 3 damage, and now have 31/34 hp.
A kobold comes into view.
It is wielding a +0 dagger and quivering poisoned darts.
The kobold shouts!
You hear an angry hiss.
Ijyb misses you.
Unknown command.
Unknown command.
You touch Ijyb but do no damage.
Ijyb hits you but does no damage. 😕 HP[+1]
You touch Ijyb.
Ijyb screams, "I no like you!"
Ijyb hits you with a +6 dagger of distortion!
Space warps around you.
The kobold hits you with a +0 dagger. 😮 HP[-14]
You take 14 damage, and now have 18/34 hp.
MASSIVE DAMAGE!! (PAUSE)
You touch Ijyb but do no damage.
Your transformation is almost over.
Ijyb hits you with a +6 dagger of distortion.
* * * LOW HITPOINT WARNING * * *
Space warps horribly around you!
* * * LOW HITPOINT WARNING * * *
The kobold hits you but does no damage. 😱 HP[-16]
You take 16 damage, and now have 2/34 hp.
MASSIVE DAMAGE!! (PAUSE) Unknown command.
Ijyb barely misses you.
Ijyb hits you with a +6 dagger of distortion.
You die...
Ijyb moans, "Good help so hard to find!"

Skill      XL: |  1  2  3  4 |
---------------+-------------+-----
Dodging        | 2 3 |  3.0
Unarmed Combat | 3 4 |  4.1
Fighting       | |  0.8
Shapeshifting  | |  2.6

Action                     |  1- 3 |  4- 6 || total
---------------------------+-------+-------++-------
  Melee: Unarmed           |   134 |    31 ||   165
         Punch             |     7 |       ||     7
    Use: Potion            |     1 |       ||     1
         Scroll            |       |     7 ||     7
   Stab: Sleeping          |     2 |     2 ||     4
 Armour: Animal skin       |    16 |       ||    16
         Skin              |    20 |     7 ||    27
         Leather armour    |    32 |    17 ||    49
  Dodge: Dodged            |    67 |    16 ||    83
         Form:             |     1 |       ||     1

Levels and vault maps discovered:
D:1:      eino_arrival_water_cross, layout_basic, basic_ecumenical_altar,
          hangedman_decor_clover_reticule, chequers_serial_rivers_small_3
D:2:      minmay_wonky_spiral, layout_rooms, uniq_terence
D:3:      layout_loops_cross, vehumet_statue, serial_glass, glass_columns_c,
          glass_columns_b, uniq_natasha, uniq_ijyb

Notes
Turn   | Place    | Note
-------+----------+-------------------------------------------
     0 | D:1      | ytrimaz the Demigod Shapeshifter began the quest for the
                  | Orb.
     0 | D:1      | Reached XP level 1. HP: 15/15 MP: 3/3
     0 | D:1      | magus.rc [v1.9.6]
    37 | D:1      | Reached skill level 2 in Dodging
    83 | D:1      | Reached skill level 3 in Unarmed Combat
   156 | D:1      | Reached XP level 2. HP: 22/22 MP: 4/4
  1091 | D:2      | Noticed Terence
  1115 | D:2      | Killed Terence
  1116 | D:2      | Reached XP level 3. HP: 26/27 MP: 5/5
  1179 | D:2      | Reached skill level 3 in Dodging
  1452 | D:2      | Reached XP level 4. HP: 34/34 MP: 6/6
  1480 | D:2      | Reached skill level 4 in Unarmed Combat
  1785 | D:3      | Noticed Ijyb
  1795 | D:3      | HP: 2/34 [Ijyb/+6 dagger of distortion (13)]
  1797 | D:3      | Slain by Ijyb

Vanquished Creatures
  Terence (D:2)
  An adder (D:2)
  3 dart slugs (D:1)
  3 ribbon worms (D:2)
  3 bats
  4 endoplasms
  3 giant cockroaches
  4 hobgoblins
  5 quokkas
  4 ball pythons
  7 frilled lizards
  2 kobolds (D:1)
  8 rats
48 creatures vanquished.

Table legend:
 A = Non-vault XP
 B = Vault XP
 C = Vault XP percentage of total XP
 D = Non-vault monster count
 E = Vault monster count
 F = Vault count percentage of total count
                 A         B        C        D         E       F
            +---------+---------+-------+---------+---------+-------
      Total |      93 |      42 |  31.1 |      44 |       4 |   8.3
            +---------+---------+-------+---------+---------+-------
        D:1 |      44 |       0 |   0.0 |      25 |       0 |   0.0
        D:2 |      46 |      42 |  47.7 |      17 |       4 |  19.0
        D:3 |       3 |       0 |   0.0 |       2 |       0 |   0.0
            +---------+---------+-------+---------+---------+-------

Skill      XL: |  1  2  3  4 |
---------------+-------------+-----
Dodging        | 2 3 |  3.0
Unarmed Combat | 3 4 |  4.1
Fighting       | |  0.8
Shapeshifting  | |  2.6

Action                     |  1- 3 |  4- 6 || total
---------------------------+-------+-------++-------
  Melee: Unarmed           |   134 |    31 ||   165
         Punch             |     7 |       ||     7
    Use: Potion            |     1 |       ||     1
         Scroll            |       |     7 ||     7
   Stab: Sleeping          |     2 |     2 ||     4
 Armour: Animal skin       |    16 |       ||    16
         Skin              |    20 |     7 ||    27
         Leather armour    |    32 |    17 ||    49
  Dodge: Dodged            |    67 |    16 ||    83
         Form:             |     1 |       ||     1

Illustrated notes

Table legend:
 A = Kills in this place as a percentage of kills in the entire game.
 B = Kills by you in this place as a percentage of kills by you in the entire game.
 C = Kills by friends in this place as a percentage of kills by friends in the entire game.
 D = Other kills in this place as a percentage of other kills in the entire game.
 E = Experience gained in this place as a percentage of experience gained in the entire game.
 F = Experience gained in this place divided by the number of levels of this place that you have seen.
                   A       B       C       D       E      F
               +-------+-------+-------+-------+-------+----------------------
         Total | 100.0 | 100.0 |   N/A |   N/A | 100.0 |  45.0
       Dungeon | 100.0 | 100.0 |   N/A |   N/A | 100.0 |  45.0
               +-------+-------+-------+-------+-------+----------------------

Table legend: (Time is in decaauts)
 A = Elapsed time spent in this place.
 B = Non-inter-level travel time spent in this place.
 C = Inter-level travel time spent in this place.
 D = Time resting spent in this place.
 E = Time spent auto-exploring this place.
 F = Levels seen in this place.
 G = Mean time per level.
                   A        B        C        D        E       F      G
               +--------+--------+--------+--------+--------+-----+--------+
         Total |   1788 |   1699 |     89 |      0 |   1257 |   3 |  596.0 |
       Dungeon |   1788 |   1699 |     89 |      0 |   1257 |   3 |  596.0 |
               +--------+--------+--------+--------+--------+-----+--------+

Top non-repeatable levels by time:
     D:1: 1090 daAuts
     D:2: 664 daAuts
     D:3: 33 daAuts
